 Dungeon Crawl Stone Soup version 0.16-a0-2844-g9b01c91 (webtiles) character file.

1443 Ratboiler the Spear-Bearer (level 8, 0/61 HPs)
             Began as a Merfolk Wanderer on Nov 29, 2014.
             Was a Follower of Zin.
             Succumbed to poison (a potion of poison)
             ... on level 6 of the Dungeon.
             The game lasted 00:32:33 (11555 turns).

Ratboiler the Spear-Bearer (Merfolk Wanderer)      Turns: 11555, Time: 00:32:33

Health: 0/61       AC:  8    Str: 14    XL:     8   Next: 74%
Magic:  12/12      EV: 12    Int: 10    God:    Zin [*.....]
Gold:   161        SH:  0    Dex: 17    Spells: 0 memorised, 7 levels left

rFire  . . .     SeeInvis .     a - +0 spear
rCold  . . .     Clarity  .     w - +0 ring mail
rNeg   . . .     SustAb   .     (no shield)
rPois  .         Gourm    .     l - +1 helmet
rElec  .         Spirit   .     x - +0 cloak
rCorr  .         Warding  .     (no gloves)
rMut   .         Stasis   .     (no boots)
MR     .....                    (no amulet)
Stlth  +.........               (no ring)
                                (no ring)

@: lethally poisoned, drained, not resistant to hostile enchantments, very
unstealthy
A: change form in water, swift swim, breathe flames 1, strong 1, placid magic 1
a: Recite, Renounce Religion, Breathe Fire


You were on level 6 of the Dungeon.
You worshipped Zin.
Zin was aware of your devotion.
You were not hungry.

You visited 1 branch of the dungeon, and saw 7 of its levels.

You collected 178 gold pieces.
You donated 17 gold pieces to Zin.

Inventory:

Hand weapons
 a - a +0 spear (weapon)
 b - a +0 shortbow
 c - a +0 blowgun
 o - a +2 mace
Missiles
 e - 41 arrows
 s - 38 poisoned needles
 u - 4 needles of confusion
Armour
 l - a +1 helmet (worn)
 q - a +2 ring mail of poison resistance
 w - a +0 ring mail (worn)
 x - a +0 cloak (worn)
Jewellery
 d - an uncursed ring of protection from cold {unknown}
 i - an uncursed ring of ice {unknown}
 n - an uncursed ring of protection from magic {unknown}
 v - an uncursed ring of protection from cold {unknown}
Magical devices
 p - a wand of fireball (3)
 G - a wand of flame (40)
Scrolls
 t - a scroll of noise
Potions
 m - a potion of haste
 r - 2 potions of brilliance
 A - a potion of agility
Books
 g - a book of Annihilations {highlevel, unknown}

   This book is beyond your current level of understanding.

   Spells                             Type                      Level
   a - Poison Arrow                   Conjuration/Poison           6
   b - Chain Lightning                Conjuration/Air              8
   c - Lehudib's Crystal Spear        Conjuration/Earth            8
   d - Glaciate                       Conjuration/Ice              9
   e - Fire Storm                     Conjuration/Fire             9
Comestibles
 f - 6 bread rations
 B - 3 meat rations


   Skills:
 - Level 4.3(4.2) Fighting
 - Level 3.2(3.1) Maces & Flails
 - Level 12.2(12.0) Polearms
 + Level 5.9(5.8) Dodging
   Level 1.0(0.8) Shields
 + Level 3.1(2.9) Invocations
 - Level 1.0(0.8) Evocations


You had 7 spell levels left.
You didn't know any spells.

Dungeon Overview and Level Annotations

Branches:
Dungeon (7/15)             Temple (0/1) D:4

Altars:
Ashenzari
Dithmenos
Fedhas
Makhleb
Okawaru
Sif Muna
Trog
Zin
The Shining One

Annotations:
D:2 Terence
D:6 Pikel; braks' ghost, experienced DrTm


Innate Abilities, Weirdness & Mutations

You revert to your normal form in water.
You are very nimble and swift while swimming.
You can breathe flames.
Your muscles are strong. (Str +2)
Your spells are a little easier to cast, but a little less powerful.


Message History

Zin forgives your inadvertent chaotic act, just this once.
It was a potion of mutation.
The giant frog misses you.
Drink which item? (? for menu, Esc to quit)
You feel refreshed.
It was a potion of restore abilities.
The giant frog hits you!
* * * LOW HITPOINT WARNING * * *
Pikel hits you but does no damage.
Drink which item? (? for menu, Esc to quit)
Your magical effects are unravelling.
Your magical contamination has completely faded away.
You feel magically purged.
It was a potion of cancellation.
You feel yourself slow down.
You feel a little less agile now. The giant frog closely misses you.
Pikel hits you with a whip of electrocution.
* * * LOW HITPOINT WARNING * * *
Drink which item? (? for menu, Esc to quit)
That liquid tasted very nasty...
You are lethally poisoned!
It was a potion of poison.
You die...

# #.# #.###.#
#.....# ####..#
###..# #.####.#..#
..........#
...p.....#####
.####....§F@§#
##.#.###K# #.#.#
#§# #...# #(# #+#
#.### #.#
#.#########.# #(#
#.......(.#.#####.#
#..#....((...≈...(#
...#.#......#######


You could see Pikel and a giant frog.

Vanquished Creatures
  2 ogres
  A sky beast (D:6)
  A black bear (D:6)
  A giant frog (D:6)
  A big kobold (D:5)
  2 giant frog zombies (D:6)
  A crimson imp (D:5)
  A goliath beetle (D:6)
  4 hounds
  An orc priest (D:4)
  An orc wizard (D:3)
  7 worker ants
  A giant frog skeleton (D:4)
  2 iguanas
  2 sheep (D:6)
  A hound skeleton (D:5)
  5 gnolls
  7 adders
  A giant mite (D:4)
  A shadow imp (D:6)
  4 worms
  2 adder skeletons (D:5)
  An adder zombie (D:5)
  8 giant geckos
  5 oozes
  21 orcs
  10 bats
  A bat skeleton (D:6)
  15 hobgoblins
  10 jackals
  37 kobolds
  5 quokkas
  6 giant cockroaches
  3 giant newts
  13 goblins
  A quokka zombie (D:6)
  13 rats
  3 plants (D:5)
201 creatures vanquished.

Vanquished Creatures (others)
  A goblin (D:6)
  A kobold (D:6)
2 creatures vanquished.

Grand Total: 203 creatures vanquished

Notes
Turn   | Place    | Note
--------------------------------------------------------------
     0 | D:1      | Ratboiler, the Merfolk Wanderer, began the quest for the Orb.
     0 | D:1      | Ratboiler set off with: a +2 mace, a +0 shortbow, a scroll of teleportation, a +0 robe, 25 arrows, a bread ration
     0 | D:1      | Reached XP level 1. HP: 20/20 MP: 1/1
    22 | D:1      | Reached skill level 1 in Dodging
   617 | D:2      | Reached XP level 2. HP: 26/26 MP: 2/2
   737 | D:2      | Found a glowing silver altar of Zin.
   740 | D:2      | Became a worshipper of Zin the Law-Giver
   977 | D:1      | Reached XP level 3. HP: 31/31 MP: 3/3
  2207 | D:1      | Reached XP level 4. HP: 20/38 MP: 4/4
  2467 | D:2      | Noticed Terence
  2594 | D:2      | Reached skill level 1 in Polearms
  3963 | D:3      | Reached XP level 5. HP: 41/43 MP: 5/5
  4009 | D:3      | Found an iron altar of Okawaru.
  4515 | D:3      | Reached skill level 5 in Polearms
  4726 | D:4      | Found a deep blue altar of Sif Muna.
  5567 | D:4      | Reached skill level 6 in Polearms
  5567 | D:4      | Reached XP level 6. HP: 37/49 MP: 7/7
  5693 | D:4      | Found a staircase to the Ecumenical Temple.
  5757 | D:4      | Found a bloodstained altar of Trog.
  5765 | D:4      | Noticed an ogre
  5859 | D:4      | Killed an ogre
  5859 | D:4      | Reached skill level 7 in Polearms
  6261 | D:3      | Reached skill level 8 in Polearms
  6351 | D:3      | Found a shattered altar of Ashenzari.
  6552 | D:3      | HP: 2/49 [quokka (2)]
  6821 | D:3      | Reached XP level 7. HP: 37/55 MP: 8/8
  7395 | D:4      | Reached skill level 9 in Polearms
  8035 | D:4      | Found a burning altar of Makhleb.
  8039 | D:4      | Found a glowing golden altar of the Shining One.
  8077 | D:5      | Entered Level 5 of the Dungeon
  8284 | D:5      | Found a blossoming altar of Fedhas.
  8702 | D:5      | Reached skill level 10 in Polearms
  8712 | D:5      | Acquired Zin's first power
  9275 | D:5      | Reached skill level 11 in Polearms
  9275 | D:5      | Reached XP level 8. HP: 58/61 MP: 9/9
 10356 | D:6      | Found a shadowy altar of Dithmenos.
 10378 | D:6      | Reached skill level 12 in Polearms
 10435 | D:6      | Reached skill level 1 in Invocations
 10580 | D:6      | Reached skill level 5 in Dodging
 10639 | D:6      | Noticed a cyclops
 10893 | D:6      | Noticed braks' ghost (experienced DrTm)
 11525 | D:6      | Noticed Pikel
 11548 | D:6      | HP: 3/61 [Pikel/whip of electrocution (12)]
 11552 | D:6      | Gained mutation: Your muscles are strong. (Str +2) [potion of mutation]
 11552 | D:6      | Gained mutation: You can breathe flames. [potion of mutation]
 11552 | D:6      | Gained mutation: Your spells are a little easier to cast, but a little less powerful. [potion of mutation]
 11554 | D:6      | HP: 1/61 [Pikel/whip of electrocution (4)]
 11555 | D:6      | Succumbed to poison (a potion of poison)

Action                   |  1- 3 |  4- 6 |  7- 9 || total
-------------------------+-------+-------+-------++-------
Melee: Mace              |    60 |       |    23 ||    83
       Spear             |       |   424 |   621 ||  1045
 Fire: Shortbow          |    38 |    34 |    44 ||   116
       Blowgun           |       |       |    10 ||    10
  Use: Scroll            |       |     3 |     6 ||     9
       Potion            |       |     2 |     8 ||    10
 Stab: Sleeping          |     1 |     2 |       ||     3
  Eat: Pizza             |     1 |       |     1 ||     2
       Bread ration      |     1 |       |       ||     1
       Chunk             |       |     8 |     9 ||    17
       Fruit             |       |     6 |       ||     6
       Beef jerky        |       |       |     3 ||     3
